 Dungeon Crawl Stone Soup version 0.31.0-11-ge490571c62 (webtiles) character file.

Game seed: 7088303892543737542

11 RancidPinata the Sneak (level 2, 0/21 HPs)
             Began as an Octopode Delver on Feb 8, 2024.
             Asphyxiated
             ... on level 6 of the Dungeon.
             The game lasted 00:01:57 (144 turns).

RancidPinata the Sneak (Octopode Delver)             Turns: 144, Time: 00:01:58

Health: 0/21       AC:  1    Str: 11    XL:     2   Next: 25%
Magic:  2/2        EV: 13    Int: 12    God:
Gold:   0          SH:  0    Dex: 13    Spells: 1/1 levels left

rFire   . . .        g - +0 rapier (vamp)
rCold   . . .        (no shield)
rNeg    . . .        (helmet restricted)
rPois   .            (no amulet)
rElec   .            (no ring)
rCorr   .            (no ring)
SInv    .            (no ring)
Will    .....        (no ring)
Stlth   ++++         (no ring)
HPRegen 0.23/turn    (no ring)
MPRegen 0.08/turn    (no ring)
                     (no ring)

%: no passive effects
@: lethally poisoned (0 -> -16), marked, slowed, very slow
A: almost no armour, amphibious, 8 rings, camouflage 1, gelatinous body 1,
(nimble swimmer 1), tentacles
a: no special abilities


You were on level 6 of the Dungeon.
You visited 1 branch of the dungeon, and saw 2 of its levels.

Inventory:

Hand Weapons
 a - a +0 short sword
 g - a +0 vampiric rapier (weapon)
Jewellery
 i - an amulet of faith
Wands
 f - a wand of digging (3)
Scrolls
 b - a scroll of fog
 c - a scroll of revelation
 d - a scroll of fear
Potions
 e - a potion of haste
 h - a potion of degeneration {unknown}


   Skills:
 * Level 3.2 Fighting
 + Level 2.1 Short Blades
 * Level 2.2 Dodging
 * Level 6.8 Stealth


You had one spell level left.
You didn't know any spells.
Your spell library contained the following spells:

 Spells                   Type           Power      Damage    Failure   Level
 Blink                    Tloc           0%         N/A       45%         2
 Lesser Beckoning         Tloc           0%         N/A       45%         2
 Momentum Strike          Conj/Tloc      0%         3d8       45%         2


Dungeon Overview and Level Annotations

Branches:
Dungeon (6/15)
 Temple: D:4-7

Altars:

Shops:
D:6 =


Innate Abilities, Weirdness & Mutations

You cannot wear most types of armour.
You are amphibious.
You can wear up to eight rings at the same time.
Your skin changes colour to match your surroundings (Stealth+).
Your rubbery body absorbs attacks. (AC +1, EV +1)
((You are camouflaged when in or above water. (Stealth+)))
You have tentacles for arms and can constrict up to eight enemies at once.


Message History

The helpless orc fails to defend itself.
You puncture the orc!
You kill the orc!
Things that are here:
a +0 mace; a +0 ring mail The helpless adder fails to defend itself.
You impale the adder!!
You kill the adder!
You have reached level 2!
i - an amulet of faith
Things that are here:
a +0 mace; a +0 ring mail You open the door.
A malevolent force fills the Dungeon...
With a horrendous wail, an alarm goes off!
A sentinel's mark forms upon you.
You hear a shout! x3
Found a stone staircase leading down.
A kobold comes into view. It is wielding a +0 short sword.
There is an open door here.
You start waiting.
A kobold is nearby!
You start waiting.
A kobold is nearby!
A kobold brigand and a kobold come into view.
The kobold brigand is wielding a +0 dagger and quivering curare-tipped darts.
The kobold barely misses you. The kobold attacks as it pursues you!
The kobold hits you with a +0 short sword.
A centaur comes into view.
The kobold brigand throws a curare-tipped dart.
The curare-tipped dart hits you.
You are poisoned.
You have difficulty breathing.
You feel yourself slow down.
The kobold throws a stone.
The stone misses you.
You feel very sick.
The kobold brigand throws a curare-tipped dart.
The curare-tipped dart hits you.
You are more poisoned.
You have difficulty breathing.
You die...

....)...# #.#
#..........#.#
........# #c#
#......###.#.#
#########
#.####.......
#.# #
#...###.....#.
##
###..##.....#.#
##.##.....# #
#.##.....#
###..#######
#.@.)...#
#.<..K..#
#....KK.###
#.......'.#
#.......#......K
#.......##...>..
#.......# ......
######### .....
.....


You could see a kobold brigand and 2 kobolds.

Vanquished Creatures
  An adder (D:6)
  An orc (D:6)
2 creatures vanquished.

Notes
Turn   | Place    | Note
-------+----------+-------------------------------------------
     0 | D:5      | RancidPinata the Octopode Delver began the quest for the
                  | Orb.
     0 | D:5      | Reached XP level 1. HP: 16/16 MP: 1/1
    73 | D:6      | Found Saatereo's Jewellery Shop.
   120 | D:6      | Reached XP level 2. HP: 21/21 MP: 2/2
   138 | D:6      | Noticed a kobold brigand
   142 | D:6      | Noticed a centaur
   144 | D:6      | Asphyxiated

Illustrated notes

Levels and vault maps discovered:
D:5:      layout_layer_cave, kennysheep_little_box, nicolae_figureground_pulse,
          uniq_sigmund
D:6:      layout_basic, serial_shops, nicolae_shop_hallway_plus,
          nicolae_shop_peninsula

Action                     || total
---------------------------++-------
  Melee: Rapier            ||     2
   Stab: Sleeping          ||     2
 Armour: Skin              ||     1
  Dodge: Dodged            ||     2
